Map: Blueshift LE

Players

soul

  • Race: Terran Terran
  • League: Grandmaster
  • Spawn Location: 7:00

Lambo - Winner!

  • Race: Zerg Zerg
  • League: Grandmaster
  • Spawn Location: 1:00

VOD

Have the link to the VOD?

Description

Time

  • Played on: Dec. 20, 2018, 11 a.m.
  • Length: 11:42
Show
View Real Time Build Order
Export as new Build Order

soul Terran 

Build Orders: Gas First Reaper Expand, Hellion Opening, Mech 

Get SALT Encoding   

  12  0:00  SCV  
  13  0:13  SCV  
  14  0:17  Supply Depot  
  14  0:25  SCV  
  15  0:30  Refinery  
  15  0:38  SCV  
  16  0:45  Barracks  
  16  0:50  SCV  
  17  1:03  SCV  
  18  1:15  SCV  
  19  1:32  Reaper  
  20  1:33  Orbital Command  
  20  1:43  Command Center  
  20  1:54  Factory  
  20  2:00  SCV  
  21  2:08  Barracks Reactor  
  21  2:13  SCV  
  22  2:16  Supply Depot  
  22  2:18  Refinery  
  22  2:26  SCV  
  23  2:40  SCV  
  24  2:46  Starport  
  24  2:50  Hellion x2  
  28  2:52  SCV  
  28  2:53  Marine  
  28  2:57  Orbital Command  
  30  3:04  SCV  
  31  3:11  Marine  
  32  3:15  Hellion  
  32  3:16  SCV, Hellion  
  37  3:24  SCV  
  38  3:30  Fusion Core  
  38  3:32  SCV  
  39  3:37  SCV  
  39  3:39  Starport Tech Lab  
  40  3:41  Supply Depot  
  40  3:44  SCV  
  40  3:45  Hellion  
  45  3:48  Hellion  
  45  3:50  SCV  
  46  4:03  SCV x2  
  48  4:15  SCV  
  48  4:16  SCV  
  50  4:20  Refinery x2  
  50  4:23  Supply Depot  
  50  4:27  SCV  
  50  4:28  SCV  
  50  4:30  Supply Depot  
  52  4:39  SCV  
  52  4:40  SCV  
  52  4:45  Battlecruiser  
  60  4:47  Command Center  
  60  4:51  SCV  
  61  4:53  SCV  
  62  5:01  Supply Depot  
  62  5:02  Barracks Tech Lab  
  62  5:04  SCV  
  62  5:05  Factory x2  
  63  5:11  SCV  
  62  5:16  SCV  
  61  5:23  SCV, Hellion x2  
  61  5:27  Supply Depot  
  61  5:28  SCV  
  68  5:43  Weapon Refit  
  68  5:45  SCV  
  68  5:48  SCV  
  68  5:49  Battlecruiser  
  74  5:57  SCV  
  74  5:59  Factory Tech Lab, Cyclone  
  74  6:00  Orbital Command  
  78  6:08  Mag-Field Accelerator  
  78  6:10  SCV  
  77  6:11  SCV  
  77  6:13  Hellion  
  77  6:14  Hellion  
  82  6:19  Cyclone  
  82  6:22  SCV  
  82  6:24  SCV  
  87  6:29  Orbital Command  
  87  6:33  Refinery  
  87  6:34  SCV  
  87  6:35  Cyclone  
  87  6:36  Hellion  
  87  6:37  Refinery, Hellion  
  87  6:39  Supply Depot  
  95  6:42  SCV, Supply Depot  
  95  6:46  SCV  
  97  6:51  Cyclone  
  100  6:54  SCV, Supply Depot  
  100  6:55  SCV  
  100  6:58  SCV  
  103  7:05  Armory x2  
  103  7:07  SCV x2  
  105  7:10  SCV  
  105  7:15  Cyclone  
  109  7:19  SCV  
  110  7:23  Siege Tank  
  111  7:40  SCV  
  111  7:43  Hellion  
  111  7:44  Hellion  
  110  7:47  Siege Tank  
  110  7:49  SCV  
  110  7:50  SCV  
  95  7:55  Hellion  
  95  7:56  SCV  
  96  8:01  SCV, Battlecruiser  
  96  8:02  SCV  
  104  8:08  SCV  
  104  8:12  Terran Vehicle And Ship Armor Level 1  
  105  8:15  Factory x2, Command Center, Terran Vehicle Weapons Level 1  
  105  8:18  SCV  
  106  8:21  SCV x2  
  106  8:25  Infernal Pre-Igniter  
  108  8:30  SCV  
  108  8:33  SCV x2  
  111  8:36  Cyclone  
  111  8:38  Cyclone  
  107  8:58  Hellion  
  99  9:09  Hellion x2, Siege Tank  
  97  9:12  SCV  
  97  9:16  Hellion  
  86  9:19  SCV, Hellion  
  77  9:28  SCV  
  77  9:30  SCV  
  77  9:34  Battlecruiser  
  77  9:35  SCV  
  82  9:40  SCV  
  82  9:42  SCV  
  85  9:47  Factory Tech Lab, Factory Reactor  
  85  9:48  Cyclone x2  
  85  9:49  SCV, Hellion x2  
  85  9:52  SCV  
  84  9:57  SCV  
  85  10:01  SCV  
  85  10:04  SCV  
  87  10:10  Supply Depot x2  
  87  10:12  SCV  
  87  10:13  SCV  
  89  10:15  Supply Depot, Cyclone  
  89  10:16  SCV  
  89  10:20  Cyclone  
  96  10:22  Hellion  
  96  10:24  SCV  
  96  10:26  SCV  
  96  10:28  SCV  
  97  10:36  SCV  
  97  10:38  SCV  
  97  10:40  SCV  
  97  10:42  Cyclone  
  103  10:47  Cyclone  
  97  10:50  SCV  
  97  10:52  Cyclone  
  105  10:57  SCV x2, Hellion x2  
  105  11:02  SCV  
  102  11:09  SCV  
  102  11:10  Hellion  
Show
View Real Time Build Order
Export as new Build Order

Lambo Zerg - Winner!

Build Orders: Hatch First 

Get SALT Encoding   

  12  0:00  Drone  
  13  0:14  Overlord  
  13  0:17  Drone  
  14  0:32  Drone x2  
  16  0:48  Hatchery  
  15  0:52  Drone  
  15  0:55  Drone  
  17  0:58  Drone  
  18  1:09  Extractor  
  17  1:13  Spawning Pool  
  17  1:16  Drone  
  17  1:20  Drone  
  18  1:29  Drone  
  19  1:41  Drone  
  20  1:53  Overlord  
  20  2:00  Queen x2  
  24  2:02  Zergling x4  
  26  2:11  Metabolic Boost  
  26  2:12  Drone x2  
  28  2:22  Drone  
  29  2:26  Drone  
  30  2:35  Hatchery  
  29  2:37  Drone  
  30  2:45  Queen  
  30  2:48  Overlord  
  32  2:52  Drone  
  32  2:54  Drone  
  32  2:56  Drone  
  35  2:58  Drone  
  36  3:08  Drone x2  
  36  3:09  Drone x2  
  36  3:12  Overlord  
  40  3:20  Queen  
  40  3:24  Queen  
  44  3:32  Drone  
  44  3:33  Overlord  
  45  3:35  Drone x2  
  45  3:38  Drone  
  48  3:41  Drone x2  
  48  3:42  Zergling x2  
  48  3:48  Zergling x6  
  54  3:57  Overlord  
  54  3:58  Queen  
  54  3:59  Queen  
  54  4:01  Drone  
  59  4:04  Drone  
  59  4:05  Zergling x2  
  59  4:08  Drone x2  
  63  4:10  Drone  
  63  4:12  Drone  
  63  4:13  Drone  
  65  4:19  Drone x4  
  65  4:22  Drone  
  70  4:25  Lair  
  70  4:29  Overlord  
  70  4:31  Drone x2  
  72  4:34  Baneling Nest  
  71  4:40  Drone x3  
  71  4:43  Drone  
  73  4:46  Queen x2  
  73  4:51  Extractor  
  73  4:52  Extractor  
  75  4:56  Zergling x10  
  78  5:01  Spore Crawler  
  78  5:02  Spore Crawler  
  78  5:03  Spore Crawler x2, Drone x3  
  77  5:17  Zergling x2  
  77  5:18  Drone x5  
  81  5:21  Drone  
  81  5:26  Overlord  
  81  5:27  Overlord  
  82  5:32  Overlord  
  82  5:33  Overlord  
  82  5:34  Overlord  
  82  5:37  Overlord  
  82  5:38  Evolution Chamber  
  82  5:39  Queen, Extractor  
  82  5:41  Extractor, Drone  
  82  5:43  Queen x2  
  82  5:44  Overlord  
  82  5:45  Drone  
  82  5:46  Drone  
  82  5:47  Drone  
  82  5:48  Drone  
  90  5:52  Extractor  
  89  5:58  Drone x7  
  89  5:59  Drone  
  89  6:01  Zergling x4  
  97  6:07  Zergling x6  
  94  6:16  Zerg Missile Weapons Level 1, Spire  
  92  6:21  Queen  
  92  6:25  Zergling x10  
  98  6:26  Baneling  
  98  6:27  Baneling x3  
  98  6:29  Overlord  
  98  6:31  Queen  
  100  6:34  Overlord x2  
  100  6:35  Overlord  
  100  6:42  Overlord  
  100  6:47  Roach Warren  
  100  6:48  Drone x2  
  100  7:03  Centrifical Hooks, Zergling x16  
  107  7:10  Baneling x2  
  107  7:12  Overlord  
  107  7:13  Drone  
  107  7:14  Baneling x2  
  108  7:19  Hatchery  
  101  7:28  Roach x8  
  101  7:29  Overlord  
  112  7:32  Overlord  
  112  7:33  Zerg Flyer Weapons Level 1  
  112  7:35  Overlord x2  
  108  7:37  Overlord  
  108  7:40  Overlord  
  108  7:41  Roach  
  108  7:43  Overlord  
  108  7:47  Roach  
  108  7:48  Roach, Zergling x2  
  102  7:53  Roach x3  
  102  8:07  Roach  
  102  8:08  Roach x2  
  102  8:09  Queen x2  
  102  8:12  Ravager x7, Glial Reconstitution  
  117  8:14  Zergling x6  
  117  8:15  Ravager x3  
  123  8:20  Zergling x2  
  123  8:21  Infestation Pit  
  123  8:25  Zergling x2  
  123  8:26  Zergling x2  
  125  8:28  Ravager x2  
  125  8:30  Queen  
  129  8:34  Zergling x6  
  129  8:36  Ravager  
  132  8:42  Zergling x12  
  135  8:48  Zergling x4  
  135  8:52  Zergling x2  
  135  8:59  Zergling x6  
  132  9:03  Roach  
  132  9:07  Roach x2  
  128  9:17  Roach x4, Zergling x4  
  118  9:19  Roach  
  108  9:25  Drone x2  
  108  9:26  Queen  
  107  9:34  Corruptor x3  
  107  9:38  Corruptor x2  
  108  9:42  Corruptor  
  107  9:47  Corruptor x2  
  107  9:52  Corruptor x3  
  111  9:56  Drone x2  
  111  9:58  Drone x4  
  123  10:01  Roach  
  123  10:04  Roach  
  123  10:05  Ravager  
  128  10:07  Corruptor  
  130  10:18  Roach x5, Zergling x2  
  141  10:21  Extractor  
  141  10:23  Roach x2  
  141  10:24  Zergling x4  
  141  10:28  Roach, Zergling x4  
  148  10:29  Ravager x2  
  150  10:37  Roach x4  
  151  10:43  Roach, Zergling x4  
  151  10:49  Roach x4  
  153  10:54  Roach x3  
  157  10:59  Roach x2  
  157  11:00  Roach  
  157  11:03  Roach, Zergling x4  
  166  11:09  Roach, Zergling x6  
  163  11:15  Zergling x10  
  164  11:21  Zergling x10  
Tags
 
Add a new tag
Caveats
  • Supply blocks, unpowered buildings, or Contaminate may cause inaccurate times.
  • Supply counts are checked every 10 seconds.